 Dungeon Crawl Stone Soup version 0.20.0-15-g7f486f2 (webtiles) character file.

190 miragecloak the Changer (level 5, 0/33 HPs)
             Began as an Octopode Transmuter on June 12, 2017.
             Succumbed to an orc wizard's poison
             ... on level 3 of the Dungeon.
             The game lasted 00:03:30 (2764 turns).

miragecloak the Changer (Octopode Transmuter)       Turns: 2764, Time: 00:03:30

Health: 0/33       AC:  1    Str:  9    XL:     5   Next: 69%
Magic:  4/8        EV: 13    Int: 16    God:
Gold:   160        SH:  0    Dex: 13    Spells: 4/8 levels left

rFire    . . .     SeeInvis .     - Unarmed
rCold    . . .     Gourm    .   (no shield)
rNeg     . . .     Faith    .   (helmet restricted)
rPois    .         Spirit   .   (no amulet)
rElec    .         Reflect  .   (no ring)
rCorr    .         Harm     .   (no ring)
MR       .....                  (no ring)
Stlth    ++........             (no ring)
Regen    0.2/turn               (no ring)
MPRegen  0.2/turn               (no ring)
                                (no ring)
                                (no ring)

@: lethally poisoned (0 -> -21), invisible
A: almost no armour, stealthy swim, amphibious, 8 rings, constrict 8, camouflage
1, gelatinous body 1
a: no special abilities


You were on level 3 of the Dungeon.
You were near starving.

You visited 1 branch of the dungeon, and saw 3 of its levels.

You collected 160 gold pieces.

Inventory:

Missiles
 a - 32 arrows
Jewellery
 g - an uncursed amulet of guardian spirit {unknown}
Wands
 s - a wand of clouds (5/9)
Scrolls
 d - 2 scrolls of remove curse {unknown}
 e - 4 scrolls of identify {unknown}
 f - 3 scrolls of teleportation {unknown}
 h - a scroll of amnesia {unknown}
 m - a scroll of magic mapping {unknown}
 q - 2 scrolls of enchant armour {unknown}
 r - a scroll of fog {unknown}
Potions
 k - a potion of brilliance
 p - a potion of lignification {unknown}
Books
 b - a book of Changes

   Spells                             Type                      Level
   a - Beastly Appendage              Transmutation                1
   b - Sticks to Snakes               Transmutation                2
   c - Spider Form                    Transmutation/Poison         3
   d - Ice Form                       Ice/Transmutation            4
   e - Blade Hands                    Transmutation                5
Comestibles
 c - 5 bread rations
 i - a royal jelly
 j - a meat ration
 o - 4 fruits


   Skills:
 - Level 1.0 Fighting
 - Level 2.0 Dodging
 + Level 3.7 Unarmed Combat
 - Level 2.0 Spellcasting
 - Level 4.0 Transmutations
 - Level 3.6 Poison Magic


You had 4 spell levels left.
You knew the following spells:

 Your Spells              Type           Power        Failure   Level  Hunger
a - Beastly Appendage     Tmut           ##....       3%          1    #......
b - Spider Form           Tmut/Pois      ##........   13%         3    ###....


Dungeon Overview and Level Annotations

Branches:
Dungeon (3/15)

Altars:


Innate Abilities, Weirdness & Mutations

You cannot wear most types of armour.
You are very stealthy in the water. (Stealth+)
You are amphibious.
You can wear up to eight rings at the same time.
You can use your tentacles to constrict eight enemies at once.
Your skin changes colour to match your surroundings (Stealth+).
Your rubbery body absorbs attacks. (AC +1, EV +1)


Message History

You feel sick.
You see here a hobgoblin corpse.
Autopickup is now off.
There are no objects that can be picked up here. a hobgoblin corpse
There is a lethal amount of poison in your body!
It was a potion of brilliance.
You feel clever all of a sudden.
* * * LOW HITPOINT WARNING * * *
You feel sick.
It was a potion of cancellation.
Your magical effects are unravelling.
You feel magically purged.
Your magical contamination has completely faded away.
You feel a little less clever now.
* * * LOW HITPOINT WARNING * * *
You feel sick.
It was a potion of invisibility.
You fade into invisibility!
You die...

### ... # #.# .# #. #.###.###
#.##.#.....# #.#........##
##.#.#)....... # #.#
##.....@.....# # #.#
##.....##.....# #
#.###......^###.### #
#............# # #####
#.###.......## ..... #.#
##.....## #.##########. #####.##
##...## .............
.......#####.########.##########.
###.#............... ##


There were no monsters in sight!

Vanquished Creatures
  2 orc wizards (D:3)
  5 adders
  An ooze (D:1)
  3 worms (D:2)
  2 dart slugs
  2 leopard geckos
  An orc (D:2)
  10 bats
  5 giant cockroaches
  A goblin (D:1)
  9 hobgoblins
  9 jackals
  A ball python (D:1)
  4 frilled lizards
  5 kobolds
  8 rats
68 creatures vanquished.

Notes
Turn   | Place    | Note
-------+----------+-------------------------------------------
     0 | D:1      | miragecloak the Octopode Transmuter began the quest for the Orb.
     0 | D:1      | Reached XP level 1. HP: 13/13 MP: 3/3
   164 | D:1      | Reached XP level 2. HP: 13/18 MP: 3/5
   272 | D:1      | Reached skill level 3 in Transmutations
   543 | D:1      | Reached XP level 3. HP: 21/23 MP: 4/6
   551 | D:1      | Learned a level 3 spell: Spider Form
  1107 | D:1      | Reached skill level 1 in Poison Magic
  1567 | D:2      | Reached XP level 4. HP: 26/28 MP: 3/7
  2491 | D:3      | Reached skill level 4 in Transmutations
  2491 | D:3      | Reached XP level 5. HP: 29/33 MP: 1/8
  2763 | D:3      | HP: 1/33 [poisoned by an orc wizard]
  2764 | D:3      | Succumbed to an orc wizard's poison

Skill      XL: |  1  2  3  4 |
---------------+-------------+-----
Transmutations | 3 4 |  4.0
Poison Magic   | 1 3 |  3.6
Fighting       | |  1.0
Dodging        | |  2.0
Unarmed Combat | |  3.7
Spellcasting   | |  2.0

Action                   |  1- 3 |  4- 6 || total
-------------------------+-------+-------++-------
Melee: Unarmed           |    80 |    73 ||   153
       Constrict         |    19 |     7 ||    26
       Tentacles         |    12 |     5 ||    17
       Kick              |    13 |       ||    13
       Punch             |     1 |     1 ||     2
 Cast: Beastly Appendage |    18 |       ||    18
       Spider Form       |     2 |    16 ||    18
  Use: Potion            |       |     3 ||     3
 Stab: Sleeping          |       |     3 ||     3
  Eat: Chunk             |     3 |     5 ||     8
Armor: Skin              |    14 |    10 ||    24
Dodge: Dodged            |    72 |    54 ||   126
